AoeStats
← Blaskeer

Arena

509796502Analyzed
3v3 RM · 3d ago on Sep 28, 2026· 60m 3s· 6 players
Game mode
Random Map
Map size
Normal (6 player)
Population
200
Speed
Normal
Resources
Standard
Victory
Conquest
Starting age
Dark Age
Ending age
Imperial Age
RankedLock teamsTeams togetherTeam positionsShared explorationLock speedFull tech treeHidden civsTurbo modeCheats
Victory
Defeat
🇨🇱 Inca · Chile
666
+12
🇨🇱 Chinese · Chile
631
+14
🇨🇱 Teutons · Chile
610
+15
🇦🇷 Britons · Argentina
680
-45
🇦🇷 Koreans · Argentina
543
-12
🇦🇷 Burgundians · Argentina
533
-12
Claypole7156
8:40 Horse Collar
10:31 Double-Bit Axe
12:40 Feudal Age
13:42 Heavy Plow
13:56 Bow Saw
19:19 Castle Age
18:19 Gold Mining
19:52 Gold Shaft Mining
21:18 Two-Man Saw
20:50 Crop Rotation
20:43 Stone Mining
21:01 Loom
22:19 Stone Shaft Mining
22:27 Wheelbarrow
24:18 Hand Cart
26:59 Guilds
27:20 Coinage
26:50 Caravan
27:29 Town Watch
28:37 Town Patrol
31:12 Fervor
30:46 Treadmill Crane
31:19 Fortified Wall
31:23 Masonry
31:47 Forging
31:38 Scale Mail Armor
31:44 Scale Barding Armor
34:46 Imperial Age
33:32 Chain Mail Armor
33:52 Iron Casting
34:50 Burgundian Vineyards
34:56 Squires
35:11 Guard Tower
35:17 Murder Holes
35:44 Ballistics
35:13 Pikeman
36:35 Hoardings
36:32 Conscription
37:58 Husbandry
37:21 Cavalier
37:27 Elite Skirmisher
39:08 Architecture
39:21 Keep
39:47 Chemistry
40:10 Blast Furnace
39:41 Plate Mail Armor
39:31 Chain Barding Armor
39:12 Padded Archer Armor
39:02 Fletching
39:08 Arrowslits
39:42 Paladin
44:29 Banking
44:03 Elite Coustillier
49:04 Man-at-Arms
49:28 Halberdier
53:13 Plate Barding Armor
52:54 Leather Archer Armor
52:35 Bodkin Arrow
59:13 Sappers
ElPadrePaco
6:53 Loom
10:05 Feudal Age
10:31 Double-Bit Axe
17:15 Stone Mining
21:26 Wheelbarrow
23:38 Castle Age
24:28 Gold Mining
27:46 Horse Collar
29:04 Heavy Plow
34:44 Imperial Age
32:49 Husbandry
35:24 Treadmill Crane
35:29 Arrowslits
35:56 Masonry
35:41 Murder Holes
35:56 Fortified Wall
35:54 Light Cavalry
38:06 Hand Cart
41:42 Chemistry
41:34 Ballistics
42:41 Architecture
42:42 Cavalier
44:40 Scale Barding Armor
44:36 Scale Mail Armor
44:47 Forging
blackbird233685
11:17 Feudal Age
15:55 Padded Archer Armor
15:56 Scale Mail Armor
15:45 Horse Collar
16:33 Double-Bit Axe
19:19 Wheelbarrow
25:52 Castle Age
28:19 Hand Cart
29:12 Stone Mining
29:12 Gold Mining
28:49 Pikeman
28:52 Crossbowman
28:53 Elite Skirmisher
30:53 Bow Saw
30:48 Heavy Plow
33:12 Gold Shaft Mining
33:28 Fortified Wall
39:32 Imperial Age
37:35 Loom
39:14 Man-at-Arms
39:40 Arson
40:43 Ballistics
40:09 Treadmill Crane
39:54 Arbalester
43:27 Elite Longbowman
46:43 Hoardings
47:11 Cranequins
50:41 Halberdier
50:47 Long Swordsman
53:35 Two-Man Saw
53:18 Yeomen
52:59 Warwolf
Matx108
6:38 Loom
9:14 Feudal Age
9:39 Double-Bit Axe
11:50 Horse Collar
17:45 Castle Age
16:39 Man-at-Arms
21:24 Gold Mining
21:36 Heavy Plow
21:48 Bow Saw
30:57 Imperial Age
30:23 Ballistics
32:43 Chemistry
31:52 Siege Engineers
31:59 Fortified Wall
33:10 Crop Rotation
33:58 Forging
33:18 Cavalier
35:03 Conscription
35:30 Bloodlines
35:50 Scale Barding Armor
39:28 Wheelbarrow
38:39 Town Watch
40:03 Crenellations
40:05 Ironclad
41:37 Iron Casting
41:23 Chain Barding Armor
42:27 Paladin
43:55 Stone Mining
45:10 Two-Man Saw
44:32 Elite Teutonic Knight
47:12 Blast Furnace
46:47 Plate Barding Armor
46:13 Scale Mail Armor
53:34 Chain Mail Armor
60:22 Gambesons
60:38 Squires
60:23 Arson
Rigby
13:33 Feudal Age
11:52 Loom
15:59 Forging
15:59 Scale Mail Armor
16:49 Double-Bit Axe
16:47 Horse Collar
19:12 Castle Age
18:06 Forging
19:23 Scale Mail Armor
19:43 Champi Runner
25:43 Heavy Plow
25:54 Bow Saw
26:00 Bow Saw
27:32 Stone Mining
28:53 Town Watch
29:53 Wheelbarrow
32:32 Pikeman
33:13 Squires
32:34 Champi Warrior
36:03 Imperial Age
34:57 Hand Cart
34:28 Loom
34:54 Gold Mining
35:53 Stone Shaft Mining
36:40 Iron Casting
37:13 Masonry
37:23 Chain Mail Armor
38:22 Hoardings
39:35 Crop Rotation
39:44 Gold Shaft Mining
39:50 Town Patrol
39:58 Town Patrol
40:23 Fletching
40:34 Padded Archer Armor
41:27 Elite Champi Warrior
43:03 Treadmill Crane
44:31 Chemistry
45:51 Blast Furnace
45:14 Leather Archer Armor
46:47 Elite Kamayuk
50:27 Plate Mail Armor
50:28 Ring Archer Armor
49:53 Bodkin Arrow
49:56 Elite Skirmisher
49:57 Crossbowman
50:43 Thumb Ring
53:48 Andean Sling
58:47 Fabric Shields
59:15 Conscription
Blaskeer
10:25 Feudal Age
10:51 Double-Bit Axe
10:47 Horse Collar
17:46 Gold Mining
17:46 Stone Mining
21:37 Castle Age
22:23 Heavy Plow
22:34 Bow Saw
23:01 Gold Shaft Mining
23:01 Stone Shaft Mining
21:55 Pikeman
22:36 Squires
23:10 Crossbowman
24:43 Wheelbarrow
28:33 Hand Cart
30:18 Caravan
30:44 Masonry
30:45 Fortified Wall
33:45 Padded Archer Armor
33:35 Fletching
33:56 Forging
33:46 Scale Mail Armor
37:28 Imperial Age
35:46 Thumb Ring
36:02 Chain Mail Armor
36:22 Iron Casting
35:43 Bodkin Arrow
37:28 Ballistics
37:07 Murder Holes
37:36 Halberdier
38:03 Arson
39:05 Conscription
40:01 Chemistry
40:26 Plate Mail Armor
40:56 Blast Furnace
39:58 Bracer
40:30 Leather Archer Armor
42:34 Two-Man Saw
43:03 Capped Ram
43:41 Town Watch
43:43 Loom
44:50 Ring Archer Armor
44:53 Architecture
44:25 Siege Ram
44:58 Arbalester
52:42 Elite Chu Ko Nu
Connection lost

Rejoining the realm…

Still unreachable

The connection could not be restored.

Session expired

The server has moved on; the page needs a fresh start.